 Dungeon Crawl Stone Soup version 0.31-a0-441-g867994ef1c (webtiles) character file.

Game seed: 1467635172882009633

525 jlumianski the Magician (level 7, -2/47 HPs)
             Began as a Djinni Fire Elementalist on Aug 2, 2023.
             Killed themself with a badly aimed concussive blast (4 damage)
             ... on level 4 of the Dungeon.
             The game lasted 00:14:30 (2618 turns).

jlumianski the Magician (Djinni Fire Elementalist)  Turns: 2618, Time: 00:14:30

Health: -2/47      AC:  2    Str:  7    XL:     7   Next: 47%
Gold:   179        EV: 13    Int: 18    God:
                   SH:  0    Dex: 14

rFire   + + .        m - +0 long sword
rCold   . . .        (no shield)
rNeg    + . .        a - +0 robe
rPois   ∞            (no helmet)
rElec   .            (no cloak)
rCorr   .            (no gloves)
SInv    .            (boots unavailable)
Will    .....        (no amulet)
Stlth   ++           q - ring of protection from cold
HPRegen 0.27/turn    s - ring of positive energy
MPRegen 0.00/turn

%: infuse magic (-3 HP)
@: flying, very slightly contaminated
A: sickness immunity, fire resistance 2, cold vulnerability 1, float, innate
caster, HP casting, extra vitality 1
a: no special abilities


You were on level 4 of the Dungeon.
You visited 1 branch of the dungeon, and saw 5 of its levels.

You collected 179 gold pieces.

Inventory:

Hand Weapons
 c - a +0 dagger
 d - a +0 short sword
 m - a +0 long sword (weapon)
 r - a +0 short sword of holy wrath
Missiles
 o - 6 poisoned darts
Armour
 a - a +0 robe (worn)
 h - a +0 hat
 n - a +0 leather armour
Magical Staves
 f - a staff of earth
 j - a staff of death
Jewellery
 q - a ring of protection from cold (left hand)
 s - a ring of positive energy (right hand)
Scrolls
 b - a scroll of enchant weapon {unknown}
 k - a scroll of enchant armour {unknown}
 p - a scroll of amnesia {unknown}
Potions
 e - a potion of magic
 g - a potion of ambrosia
 i - a potion of invisibility
 l - 2 potions of mutation
 t - a potion of attraction {unknown}


   Skills:
 + Level 1.2 Fighting
 + Level 1.3(1.4) Short Blades
 + Level 0.5(1.1) Long Blades
 + Level 4.1 Dodging
 + Level 3.3 Stealth
 * Level 4.8 Spellcasting
 * Level 4.8 Conjurations
 * Level 4.8 Hexes
 * Level 4.8 Summonings
 * Level 4.8 Necromancy
 * Level 4.8 Translocations
 * Level 4.8 Transmutations
 * Level 4.8 Fire Magic
 * Level 4.8 Ice Magic
 * Level 4.8 Air Magic
 * Level 4.8 Earth Magic
 * Level 4.8 Poison Magic


You knew the following spells:

 Your Spells              Type           Power      Damage    Failure   Level
a - Foxfire               Conj/Fire      84%        2x1d8     1%          1
b - Scorch                Fire           42%        2d6       2%          2
c - Volatile Blastmotes   Fire/Tloc      42%        2d13      5%          3
d - Inner Flame           Hex/Fire       21%        N/A       5%          3
e - Flame Wave            Conj/Fire      21%        2d8       19%         4
f - Shock                 Conj/Air       84%        1d8       1%          1
g - Searing Ray           Conj           42%        2d6       2%          2
h - Summon Guardian Gole  Hex/Summ       21%        N/A       5%          3
Your spell library was empty.

Dungeon Overview and Level Annotations

Branches:
Dungeon (5/15)
 Temple: D:4-7

Altars:
Hepliaklqana

Annotations:
D:4 Natasha


Innate Abilities, Weirdness & Mutations

You are immune to sickness and miasma.
You are immune to poison.
Your flesh is very heat resistant. (rF++)
You are vulnerable to cold. (rC-)
You float through the air rather than walking.
You learn spells naturally, not from books.
Your magical power is your life essence.
You have superior vitality. (+4 MHP)


Message History

You barely miss the orc.
The orc is heavily wounded.
The orc misses you. The orc completely misses you.
You barely miss the orc.
The orc is heavily wounded.
The orc hits you but does no damage.
You barely miss the orc.
The orc is moderately wounded.
The orc misses you. The orc hits you with a +0 mace.
* * * LOW HITPOINT WARNING * * *
Casting: Foxfire (safe; 1% risk of failure)
Confirm with . or Enter, or press ? or * to list all spells.
You miscast Scorch.
You are very lightly contaminated with residual magic.
Nothing appears to happen.
* * * LOW HITPOINT WARNING * * *
The orc closely misses you.
Casting: Scorch (safe; 2% risk of failure)
Confirm with . or Enter, or press ? or * to list all spells.
Flames lash the orc but do no damage.
* * * LOW HITPOINT WARNING * * *
The orc closely misses you.
Casting: Scorch (safe; 2% risk of failure)
Confirm with . or Enter, or press ? or * to list all spells.
Flames lash the orc.
The orc is severely wounded.
The orc's fire resistance burns away.
* * * LOW HITPOINT WARNING * * *
The orc hits you with a +0 mace.
* * * LOW HITPOINT WARNING * * *
Casting: Scorch (safe; 2% risk of failure)
Confirm with . or Enter, or press ? or * to list all spells.
A cloud of volatile blastmotes flares up around you!
* * * LOW HITPOINT WARNING * * *
The orc closely misses you.
The cloud of blastmotes explodes!
The concussive blast engulfs the orc!
The orc is burned terribly!
You kill the orc!
The concussive blast engulfs you. You resist.
You die...

..........##..#
..........##..#
..........##..#
###.....####..######
#####).###.......#
#.......##.......#
#.............†..#
#.....).###...##.#####.#
#.......# #...@#.......#
#.......# #.##.)>#######
#.......# #.#####.......
#.......# #.# .######
#.......# #.# .#
#.......# #.# .#
#.......# .# #.......#
.. #.......# .#


There were no monsters in sight!

Vanquished Creatures
  Sigmund (D:2)
  A phantom (D:4)
  A hound (D:4)
  An orc priest (D:4)
  An iguana (D:4)
  Jessica (D:2)
  Natasha (D:4)
  2 orc wizards (D:4)
  3 adders
  A worm (D:3)
  A dart slug (D:4)
  7 orcs (D:4)
  3 bats
  6 endoplasms
  6 giant cockroaches
  4 goblins
  4 hobgoblins
  3 kobolds
  5 quokkas
  3 ball pythons
  2 frilled lizards
  5 rats
62 creatures vanquished.

Vanquished Creatures (others)
  116 foxfires
116 creatures vanquished.

Grand Total: 178 creatures vanquished

Notes
Turn   | Place    | Note
-------+----------+-------------------------------------------
     0 | D:1      | jlumianski the Djinni Fire Elementalist began the quest for
                  | the Orb.
     0 | D:1      | jlumianski set off with the following spells memorised:
                  | Foxfire, Scorch, Volatile Blastmotes, Inner Flame, Flame
                  | Wave.
     0 | D:1      | Reached XP level 1. HP: 15/15 MP: 0/0
   209 | D:1      | Reached XP level 2. HP: 19/21 MP: 0/0
   254 | D:2      | Noticed Jessica
   467 | D:1      | Reached XP level 3. HP: 22/25 MP: 0/0
   467 | D:1      | Learned a level 1 spell: Shock
  1226 | D:2      | Noticed Sigmund
  1244 | D:2      | Killed Sigmund
  1245 | D:2      | Reached XP level 4. HP: 20/31 MP: 0/0
  1245 | D:2      | Reached XP level 5. HP: 24/36 MP: 0/0
  1245 | D:2      | Learned a level 2 spell: Searing Ray
  1245 | D:2      | Reached XP level 6. HP: 27/41 MP: 0/0
  1290 | D:2      | Killed Jessica
  1291 | D:2      | Reached skill level 1 in Short Blades
  1912 | D:3      | Found a hazy altar of Hepliaklqana.
  1995 | D:4      | Noticed Natasha
  2001 | D:4      | Killed Natasha
  2144 | D:4      | Reached skill level 1 in Fighting
  2144 | D:4      | Reached XP level 7. HP: 38/47 MP: 0/0
  2144 | D:4      | Learned a level 3 spell: Summon Guardian Golem
  2485 | D:4      | Noticed Natasha
  2570 | D:5      | Entered Level 5 of the Dungeon
  2618 | D:4      | Killed themself with a badly aimed concussive blast

Illustrated notes

Levels and vault maps discovered:
D:1:      lightli_arrival_quake, layout_basic
D:2:      layout_rooms, kennysheep_minor_cross, uniq_sigmund, uniq_jessica
D:3:      layout_rooms, nicolae_yredelemnul_corpse_copse,
          nicolae_overflow_two_pavilions
D:4:      layout_basic, dk_vineyard_2, grunt_ministairs_10, uniq_natasha
D:5:      layout_rooms, portal_sewer_entry_b, ebering_ghost_gozag,
          kennysheep_windowed_goal, uniq_edmund, uniq_grinder

Skill      XL: |  1  2  3  4  5  6  7 |
---------------+----------------------+-----
Spellcasting   | 4 |  4.8
Conjurations   | 4 |  4.8
Hexes          | 4 |  4.8
Summonings     | 4 |  4.8
Necromancy     | 4 |  4.8
Translocations | 4 |  4.8
Transmutations | 4 |  4.8
Fire Magic     | 4 |  4.8
Ice Magic      | 4 |  4.8
Air Magic      | 4 |  4.8
Earth Magic    | 4 |  4.8
Poison Magic   | 4 |  4.8
Stealth        | 2 3 |  3.3
Dodging        | 3 4 |  4.1
Short Blades   | 1 |  1.3
Fighting       | 1 |  1.2
Long Blades    | |  0.5

Action                     |  1- 3 |  4- 6 |  7- 9 || total
---------------------------+-------+-------+-------++-------
  Melee: Unarmed           |     2 |       |       ||     2
         Dagger            |    18 |    20 |       ||    38
         Long sword        |       |    10 |    10 ||    20
   Cast: Foxfire           |    36 |    15 |    12 ||    63
         Scorch            |     5 |    11 |    17 ||    33
         Volatile Blastmot |       |     1 |     1 ||     2
         Searing Ray       |       |     1 |       ||     1
         Summon Guardian G |       |       |     1 ||     1
    Use: Scroll            |       |     4 |       ||     4
   Stab: Sleeping          |     1 |     1 |       ||     2
 Armour: Robe              |     5 |     6 |     3 ||    14
  Dodge: Dodged            |    24 |    27 |    22 ||    73

Table legend: (Time is in decaauts)
 A = Elapsed time spent in this place.
 B = Non-inter-level travel time spent in this place.
 C = Inter-level travel time spent in this place.
 D = Time resting spent in this place.
 E = Time spent auto-exploring this place.
 F = Levels seen in this place.
 G = Mean time per level.
                   A        B        C        D        E       F      G
               +--------+--------+--------+--------+--------+-----+--------+
         Total |   2637 |   2612 |     25 |    277 |   1498 |   5 |  527.4 |
       Dungeon |   2637 |   2612 |     25 |    277 |   1498 |   5 |  527.4 |
               +--------+--------+--------+--------+--------+-----+--------+

Top non-repeatable levels by time:
     D:1: 1110 daAuts
     D:4: 643 daAuts
     D:2: 609 daAuts
     D:3: 269 daAuts
     D:5: 4 daAuts
